 Dungeon Crawl Stone Soup version 0.26-a0-20-g5f92b90fa0 (webtiles) character file.

Game seed: 7553328089948987087, levelgen mode: deterministic

2765 MisterFreud the Carver (level 9, -2/62 HPs)
             Began as an Octopode Gladiator on May 25, 2020.
             Slain by a wight
             ... wielding a +3 hand axe of freezing
              (12 damage)
             ... on level 7 of the Dungeon.
             The game lasted 00:12:03 (8238 turns).

MisterFreud the Carver (Octopode Gladiator)         Turns: 8238, Time: 00:12:03

Health: -2/62      AC:  1    Str: 13    XL:     9   Next: 69%
Magic:  9/9        EV: 17    Int: 14    God:
Gold:   369        SH:  4    Dex: 13    Spells: 8/8 levels left

rFire    + . .     SeeInvis .   y - +0 scimitar
rCold    + . .     Gourm    .   f - +0 buckler
rNeg     . . .     Faith    .   n - +0 hat "Miek Aja" {+Blink rF+ MR+}
rPois    .         Spirit   .   b - amulet of the acrobat
rElec    .         Reflect  .   t - ring of protection from cold
rCorr    .         Harm     .   x - ring of stealth
MR       +....                  (no ring)
Stlth    +++.......             (no ring)
HPRegen  0.20/turn              (no ring)
MPRegen  0.11/turn              (no ring)
                                (no ring)
                                (no ring)

@: studying Shields, drained
A: almost no armour, stealthy swim, amphibious, 8 rings, constrict 8, camouflage
1, gelatinous body 1
a: Evoke Blink


You were on level 7 of the Dungeon.
You were not hungry.

You visited 1 branch of the dungeon, and saw 7 of its levels.

You collected 369 gold pieces.

Inventory:

Hand Weapons
 a - a +1 long sword
 y - a +0 scimitar (weapon)
Missiles
 c - 5 throwing nets
 i - 33 poisoned darts (quivered)
Armour
 f - a +0 buckler (worn)
 n - the +0 hat "Miek Aja" (worn) {+Blink rF+ MR+}
   (You acquired it on level 5 of the Dungeon)

   It protects you from fire.
   It affects your resistance to hostile enchantments.
   It lets you blink.
Jewellery
 b - an amulet of the acrobat (around mantle)
 t - a ring of protection from cold (left tentacle)
 x - a ring of stealth (right tentacle)
Wands
 B - a wand of flame (11)
Scrolls
 g - a scroll of immolation
 j - 4 scrolls of amnesia
 l - a scroll of magic mapping
 q - a scroll of enchant weapon
 r - a scroll of blinking
 w - 3 scrolls of identify
 C - a scroll of remove curse {unknown}
Potions
 e - 2 potions of lignification
 h - 2 potions of haste
 m - 4 potions of curing
 o - a potion of brilliance
 p - a potion of invisibility
 s - 4 potions of flight
 u - a potion of might {unknown}
 v - a potion of stabbing {unknown}
 z - 2 potions of mutation {unknown}
Books
 k - a manual of Shields
Comestibles
 d - 6 rations


   Skills:
 - Level 6.0(5.0) Fighting
 + Level 8.6(7.6) Long Blades
 - Level 2.0(1.1) Throwing
 - Level 8.0(7.0) Dodging
 - Level 4.0(3.1) Shields


You had 8 spell levels left.
You didn't know any spells.
Your spell library contained the following spells:

 Spells                   Type           Power        Failure   Level  Hunger
 Animate Skeleton         Necr           N/A          32%         1    ##.....
 Foxfire                  Conj/Fire      #...         32%         1    ##.....
 Pain                     Necr           #...         32%         1    ##.....
 Conjure Flame            Conj/Fire      #.......     67%         3    ####...
 Inner Flame              Hex/Fire       #.......     67%         3    ####...
 Vampiric Draining        Necr           #.........   67%         3    ####...
 Animate Dead             Necr           N/A          97%         4    #####..
 Sticky Flame             Conj/Fire      #.......     97%         4    #####..
 Agony                    Necr           #.......     100%        5    ######.
 Fireball                 Conj/Fire      #.........   100%        5    ######.


Dungeon Overview and Level Annotations

Branches:
Dungeon (7/15)             Temple (0/1) D:7

Altars:
Dithmenos
Elyvilon
Nemelex Xobeh
Ru
Vehumet
Yredelemnul

Annotations:
D:5 1 runed translucent door, MalarOregon's ghost, novice DrGl
D:6 3 runed translucent doors, Crazy Yiuf; coffeespoons's ghost, novice MfFi
D:7 Dowan; Duvessa; Pikel; Prince Ribbit


Innate Abilities, Weirdness & Mutations

You cannot wear most types of armour.
You are very stealthy in the water. (Stealth+)
You are amphibious.
You can wear up to eight rings at the same time.
You can use your tentacles to constrict eight enemies at once.
Your skin changes colour to match your surroundings (Stealth+).
Your rubbery body absorbs attacks. (AC +1, EV +1)


Message History

You constrict the wight. x2
You destroy the wight!
You constrict the wight.
Prince Ribbit blinks!
The wight misses you.
The wight hits you with a +3 hand axe of freezing!
* * * LOW HITPOINT WARNING * * *
You feel drained.
* * * LOW HITPOINT WARNING * * *
The wight freezes you.
* * * LOW HITPOINT WARNING * * *
The wight misses you.
You riposte.
You barely miss the wight.
The wight is heavily damaged.
Prince Ribbit blinks!
Unknown command.
Unknown command.
Unknown command.
Unknown command.
Unknown command.
You release your grip on the wight. x2; The wight completely misses you.
The wight hits you with a +3 hand axe of freezing!
You die...

#.#######..# *,,*..#*.....,,**
..'...%%#..## ****#.#*.....,**
..#....%#...### #.##...,,**
.##*#h###.....## #..#..,*** *
.##,,..h#......## ##.e.###* *###
..#,,,..#...§...## #..z...####...
..#***###.......F###.............
..# #.........§.#p..##.........
..# ##........@.z..###.........
.## ##......z)ze..###......... .#
#...........###.....z....
.########...........##......p...(
###................##..######...#
..........###......#..## #...#..
....####### ###.......# #.#...8
##### ####...## #...#.. #
#######..## ###...#


You could see Prince Ribbit, a slave, Dowan and 3 wights.

Vanquished Creatures
  Sigmund (D:2)
  A human (D:7)
  A hog (D:7)
  Menkaure (D:6)
  Edmund (D:4)
  An orc warrior (D:7)
  An ice beast (D:6)
  A sky beast (D:5)
  A centaur (D:5)
  3 ogres
  5 bullfrogs
  A gnoll sergeant (D:6)
  3 scorpions
  A wight (D:7)
  5 crimson imps
  A quasit (D:7)
  A jelly (D:7)
  A centaur skeleton (D:4)
  4 orc priests
  An orc wizard (D:6)
  An iguana (D:3)
  5 worker ants
  A hound skeleton (D:6)
  7 adders
  11 gnolls
  2 shadow imps (D:5)
  An adder skeleton (D:5)
  2 worms
  4 dart slugs
  6 leopard geckos
  16 orcs
  10 bats
  9 giant cockroaches
  10 goblins
  10 hobgoblins
  5 jackals
  9 quokkas
  A ball python zombie (D:5)
  5 frilled lizards
  2 jackal skeletons (D:4)
  A jackal zombie (D:5)
  10 kobolds
  A quokka skeleton (D:4)
  A quokka zombie (D:7)
  6 rats
  A spectral orc (D:5)
172 creatures vanquished.

Notes
Turn   | Place    | Note
-------+----------+-------------------------------------------
     0 | D:1      | MisterFreud the Octopode Gladiator began the quest for the
                  | Orb.
     0 | D:1      | Reached XP level 1. HP: 14/14 MP: 1/1
   231 | D:1      | Reached XP level 2. HP: 21/21 MP: 2/2
   404 | D:1      | Reached XP level 3. HP: 25/26 MP: 3/3
   927 | D:2      | Noticed Sigmund
   942 | D:2      | Killed Sigmund
   942 | D:2      | Reached skill level 5 in Long Blades
   942 | D:2      | Reached XP level 4. HP: 21/33 MP: 4/4
   942 | D:2      | Reached XP level 5. HP: 24/37 MP: 5/5
   947 | D:2      | Reached XP level 6. HP: 19/43 MP: 6/6
  1689 | D:2      | Found a sacrificial altar of Ru.
  2075 | D:3      | Found a sparkling altar of Nemelex Xobeh.
  2658 | D:3      | Reached skill level 1 in Shields
  3098 | D:4      | Noticed Edmund
  3101 | D:4      | Reached XP level 7. HP: 48/48 MP: 7/7
  3111 | D:4      | Killed Edmund
  3934 | D:5      | Entered Level 5 of the Dungeon
  3965 | D:5      | Reached skill level 5 in Dodging
  4285 | D:5      | Reached XP level 8. HP: 37/54 MP: 8/8
  5047 | D:5      | Found a basalt altar of Yredelemnul.
  5117 | D:5      | Found a runed translucent door.
  5270 | D:5      | Noticed MalarOregon's ghost (novice DrGl)
  5848 | D:7      | Noticed Duvessa
  6271 | D:7      | Identified 3 scrolls of acquirement
  6485 | D:5      | Got the +0 hat "Miek Aja" {+Blink rF+ MR+}
  6646 | D:6      | Noticed Menkaure
  6652 | D:6      | Killed Menkaure
  6726 | D:6      | Reached XP level 9. HP: 50/59 MP: 9/9
  6981 | D:6      | Reached skill level 5 in Fighting
  7021 | D:6      | Found a runed translucent door.
  7021 | D:6      | Noticed coffeespoons's ghost (novice MfFi)
  7044 | D:6      | Found a runed translucent door.
  7045 | D:6      | Noticed Crazy Yiuf
  7225 | D:6      | Found a runed translucent door.
  7355 | D:6      | Found a radiant altar of Vehumet.
  7355 | D:6      | Found a white marble altar of Elyvilon.
  7355 | D:6      | Found a shadowy altar of Dithmenos.
  8185 | D:7      | Noticed Prince Ribbit
  8187 | D:7      | Found a staircase to the Ecumenical Temple.
  8192 | D:7      | Noticed Pikel
  8199 | D:7      | Noticed Dowan
  8238 | D:7      | Slain by a wight

Illustrated notes

Levels and vault maps discovered:
D:1:      arrival_zaba_pyramid, layout_loops_ring, minmay_pentomino_o2
D:2:      layout_loops_ring, nicolae_ru_sacrificial_ziggurat, uniq_sigmund
D:3:      layout_loops_ring, nemelex_xobeh_ov_fountains_minmay
D:4:      layout_basic, kennysheep_generic_room_13, uniq_edmund
D:5:      layout_basic, yredelemnul_forgotten_temple_becter, serial_rivers,
          chequers_serial_rivers_large_a, chequers_serial_rivers_micro_c,
          chequers_serial_rivers_small_b, chequers_serial_rivers_small_a,
          chequers_serial_rivers_marsh, ebering_ghost_sewer_d, first_ration,
          grunt_decor_fettered
D:6:      layout_loops_ring, gammafunk_temple_overflow_claw,
          ebering_ghost_sewer_f, uniq_crazy_yiuf_cottage, uniq_menkaure
D:7:      layout_cave_pods, minmay_temple_entry_sparse_star,
          hangedman_decor_points, grunt_livestock, uniq_joseph,
          uniq_prince_ribbit1, uniq_duvessa, uniq_pikel

Skill      XL: |  1  2  3  4  5  6  7  8  9 |
---------------+----------------------------+-----
Fighting       | 3 4 6 |  6.0
Long Blades    | 5 6 8 |  8.6
Shields        | 1 3 4 |  4.0
Dodging        | 5 8 |  8.0
Throwing       | |  2.0

Action                   |  1- 3 |  4- 6 |  7- 9 || total
-------------------------+-------+-------+-------++-------
Melee: Long sword        |    38 |   101 |   178 ||   317
       Tentacles         |    15 |    24 |    80 ||   119
       Constrict         |    13 |    30 |    65 ||   108
       Scimitar          |       |       |    70 ||    70
Throw: Dart              |       |       |     1 ||     1
  Use: Scroll            |       |     6 |    10 ||    16
       Potion            |       |       |     3 ||     3
 Stab: Sleeping          |     4 |     9 |     6 ||    19
  Eat: Chunk             |       |     7 |    13 ||    20
       Ration            |       |       |     1 ||     1
Armor: Skin              |     3 |     8 |    20 ||    31
Dodge: Dodged            |    44 |    68 |   159 ||   271
Block: Buckler           |       |     3 |    66 ||    69
       Rpst.: Long sword |    21 |    19 |    29 ||    69
       Scimitar          |       |       |    16 ||    16

Table legend:
 A = Non-vault XP
 B = Vault XP
 C = Vault XP percentage of total XP
 D = Non-vault monster count
 E = Vault monster count
 F = Vault count percentage of total count
                 A         B        C        D         E       F
            +---------+---------+-------+---------+---------+-------
      Total |    2984 |     966 |  24.5 |     164 |       8 |   4.7
            +---------+---------+-------+---------+---------+-------
        D:1 |      52 |       4 |   7.1 |      23 |       2 |   8.0
        D:2 |     159 |     242 |  60.3 |      38 |       1 |   2.6
        D:3 |      87 |       0 |   0.0 |      20 |       0 |   0.0
        D:4 |     233 |     158 |  40.4 |      13 |       1 |   7.1
        D:5 |     615 |       1 |   0.2 |      25 |       1 |   3.8
        D:6 |    1124 |     169 |  13.1 |      28 |       1 |   3.4
        D:7 |     714 |     392 |  35.4 |      17 |       2 |  10.5
            +---------+---------+-------+---------+---------+-------
